AoeStats
← ic.adelira

Arena

510919793Analyzed
4v4 RM · 8h ago on Oct 3, 2026· 34m 27s· 8 players
Game mode
Random Map
Map size
Large (8 player)
Population
200
Speed
Normal
Resources
Standard
Victory
Conquest
Starting age
Dark Age
Ending age
Imperial Age
RankedLock teamsTeams togetherTeam positionsShared explorationLock speedFull tech treeHidden civsTurbo modeCheats
Victory
Defeat
🇦🇷 Cumans · Argentina
1372
+10
🇦🇷 Italians · Argentina
1239
+15
🇦🇷 Wei · Argentina
1235
+15
1163
+19
🇺🇸 Spanish · United States
1273
-17
🇧🇷 Tatars · Brazil
1230
-15
🇰🇷 Turks · South Korea
1218
-14
🇲🇽 Bengalis · Mexico
1173
-13
ic.adelira
10:30 Feudal Age
14:14 Castle Age
12:40 Double-Bit Axe
15:19 Bow Saw
14:53 Horse Collar
22:17 Wheelbarrow
21:31 Town Watch
22:03 Heavy Plow
24:03 Gold Mining
24:04 Stone Mining
25:03 Hand Cart
29:57 Imperial Age
28:04 Fletching
31:47 Bodkin Arrow
31:52 Padded Archer Armor
31:56 Husbandry
32:07 Bloodlines
33:21 Bracer
33:37 Leather Archer Armor
Slayer
10:07 Feudal Age
10:50 Loom
13:43 Castle Age
12:31 Stone Mining
12:31 Double-Bit Axe
13:28 Town Watch
13:28 Horse Collar
20:28 Bow Saw
29:14 Imperial Age
29:08 Bloodlines
29:04 Scale Barding Armor
29:19 Husbandry
30:13 Chain Barding Armor
30:04 Forging
30:57 Cavalier
32:54 Iron Casting
XI JINPING
11:13 Feudal Age
15:49 Castle Age
14:24 Double-Bit Axe
14:35 Stone Mining
15:16 Padded Archer Armor
17:08 Loom
24:35 Wheelbarrow
28:03 Imperial Age
26:37 Gold Mining
27:16 Bow Saw
dionathanbh
10:25 Feudal Age
11:22 Loom
14:03 Wheelbarrow
14:16 Double-Bit Axe
16:39 Castle Age
15:34 Horse Collar
Ardillita.Bicampeona.Korova
11:29 Feudal Age
12:22 Double-Bit Axe
15:47 Castle Age
14:18 Horse Collar
14:51 Stone Mining
16:49 Bow Saw
18:50 Wheelbarrow
19:27 Heavy Plow
23:30 Hand Cart
23:06 Loom
23:46 Gold Mining
28:49 Imperial Age
26:51 Fletching
27:01 Padded Archer Armor
28:19 Gold Shaft Mining
27:52 Bodkin Arrow
30:00 Crop Rotation
31:29 Thunderclap Bombs
32:45 Bracer
33:01 Leather Archer Armor
35:12 Ballistics
35:53 Chemistry
Zandocan77
11:31 Feudal Age
15:04 Castle Age
13:14 Double-Bit Axe
13:10 Horse Collar
16:23 Bow Saw
21:08 Wheelbarrow
20:41 Loom
22:01 Fletching
23:38 Bodkin Arrow
28:44 Imperial Age
27:12 Gold Mining
33:10 Bracer
Garkamix
10:11 Feudal Age
14:09 Castle Age
13:37 Double-Bit Axe
13:33 Horse Collar
15:57 Heavy Plow
22:13 Wheelbarrow
26:59 Imperial Age
24:59 Scale Barding Armor
24:54 Gold Mining
25:16 Bow Saw
26:14 Chain Barding Armor
26:16 Bloodlines
26:49 Hand Cart
26:21 Town Watch
26:49 Husbandry
28:09 Conscription
27:21 Heavy Hei Guang Cavalry
28:22 Forging
28:54 Ming Guang Armor
31:24 Iron Casting
31:56 Crop Rotation
MATE
8:44 Feudal Age
9:29 Double-Bit Axe
10:48 Horse Collar
12:57 Wheelbarrow
20:28 Castle Age
19:58 Scale Mail Armor
20:09 Forging
20:35 Pikeman
21:17 Squires
20:55 Man-at-Arms
22:27 Capped Ram
24:09 Chain Mail Armor
25:30 Iron Casting
27:23 Hand Cart
27:45 Loom
28:56 Town Watch
32:40 Imperial Age
30:52 Bow Saw
30:39 Arson
33:08 Halberdier
Connection lost

Rejoining the realm…

Still unreachable

The connection could not be restored.

Session expired

The server has moved on; the page needs a fresh start.